 Dungeon Crawl Stone Soup version 0.22-a0-224-g8cf3520 (webtiles) character file.

18 tidbits the Ducker (level 2, 29/29 HPs)
             Began as a Gnoll Monk on Feb 20, 2018.
             Was a Believer of Okawaru.
             Quit the game on level 2 of the Dungeon.
             The game lasted 00:01:36 (187 turns).

tidbits the Ducker (Gnoll Monk)                      Turns: 187, Time: 00:01:36

Health: 29/29      AC:  2    Str: 13    XL:     2   Next: 66%
Magic:  2/2        EV: 16    Int: 12    God:    Okawaru [**....]
Gold:   72         SH:  0    Dex: 17    Spells: 2/2 levels left

rFire    . . .     SeeInvis .   a - +0 rapier
rCold    . . .     Gourm    .   (no shield)
rNeg     . . .     Faith    .   b - +0 robe
rPois    .         Spirit   .   (no helmet)
rElec    .         Reflect  .   (no cloak)
rCorr    .         Harm     .   (no gloves)
MR       .....                  (no boots)
Stlth    +++.......             (no amulet)
HPRegen  0.09/turn              (no ring)
MPRegen  0.08/turn              (no ring)

@: no status effects
A: distributed training, fangs 1, strong nose
a: Heroism, Renounce Religion


You were on level 2 of the Dungeon.
You worshipped Okawaru.
Okawaru was pleased with you.
You were not hungry.

You visited 1 branch of the dungeon, and saw 2 of its levels.

You collected 72 gold pieces.

Inventory:

Hand Weapons
 a - a +0 rapier (weapon)
 h - a +0 short sword
Armour
 b - a +0 robe (worn)
 d - a +0 ring mail
Scrolls
 e - a scroll of enchant armour {unknown}
 f - a scroll of remove curse {unknown}
 g - 3 scrolls of teleportation
Comestibles
 c - a ration


   Skills:
 + Level 6.5 Fighting
 + Level 6.5 Short Blades
 + Level 0.5 Long Blades
 + Level 0.5 Axes
 + Level 0.5 Maces & Flails
 + Level 0.5 Polearms
 + Level 0.5 Staves
 + Level 0.5 Slings
 + Level 0.5 Bows
 + Level 0.5 Crossbows
 + Level 0.5 Throwing
 + Level 0.5 Armour
 + Level 6.5 Dodging
 + Level 4.1 Stealth
 + Level 0.5 Shields
 + Level 0.5 Unarmed Combat
 + Level 0.5 Spellcasting
 + Level 0.3 Conjurations
 + Level 0.3 Hexes
 + Level 0.3 Charms
 + Level 0.3 Summonings
 + Level 0.3 Necromancy
 + Level 0.3 Translocations
 + Level 0.3 Transmutations
 + Level 0.3 Fire Magic
 + Level 0.3 Ice Magic
 + Level 0.3 Air Magic
 + Level 0.3 Earth Magic
 + Level 0.3 Poison Magic
 + Level 0.6 Invocations
 + Level 0.5 Evocations


You had 2 spell levels left.
You didn't know any spells.

Dungeon Overview and Level Annotations

Branches:
Dungeon (2/15)

Altars:
Okawaru

Annotations:
D:2 Terence


Innate Abilities, Weirdness & Mutations

Your experience applies equally to all skills.
You have very sharp teeth.
Your uncanny sense of smell can sniff out nearby items.


Message History

The frilled lizard hisses angrily.
The frilled lizard closely misses you.
You miss the frilled lizard. You bite the frilled lizard.
The frilled lizard is heavily wounded.
The frilled lizard barely misses you.
You puncture the frilled lizard!
You kill the frilled lizard!
Found 15 gold pieces.
A bat comes into view.
The helpless bat fails to defend itself.
You perforate the bat like a sieve!!!
You kill the bat!
You see here 15 gold pieces.
You now have 65 gold pieces (gained 15).
There is a stone staircase leading down here.
You climb downwards.
Found a scroll labeled LACVEFYQIT.
Found an escape hatch in the ceiling.
There is a stone staircase leading up here.
Unknown command.
You see here a scroll labeled LACVEFYQIT.
f - a scroll labeled LACVEFYQIT
Found 3 scrolls labeled USUADA FIMP.
You see here 3 scrolls labeled USUADA FIMP.
g - 3 scrolls labeled USUADA FIMP A jackal comes into view.
There is an escape hatch in the ceiling here. 2 jackals come into view.
The helpless jackal fails to defend itself.
You impale the jackal!!
You kill the jackal!
The helpless jackal fails to defend itself.
You impale the jackal!!
You kill the jackal!
The helpless jackal fails to defend itself.
You impale the jackal!!
You kill the jackal!
Terence the Incautious comes into view.
He is wielding a mace.
Found a whip, a ration and 8 javelins.
You aren't carrying any potions.
Unknown command.
Terence shouts!
You hear a shout!
As you read the scroll labeled USUADA FIMP, it crumbles to dust.
You feel strangely unstable.
It was a scroll of teleportation.
A giant cockroach comes into view.
Your surroundings suddenly seem different.
A goblin comes into view. It is wielding a club.
Found a scroll of teleportation.
You see here a scroll of teleportation.
g - 3 scrolls of teleportation (gained 1)
You found a teleport trap!
Really walk into that teleport trap?
You enter a teleport trap!
The teleport trap disappears.
Your surroundings suddenly seem different.
A kobold comes into view.
The kobold shouts!
Found a rapier.
Unknown command.
A dart slug comes into view.
The hobgoblin shouts!
You puncture the kobold!
You kill the kobold!
The hobgoblin closely misses you.
You hit the hobgoblin.
You kill the hobgoblin!
The dart slug launches a dart at you. The slug dart misses you.
Found 16 gold pieces.
Things that are here:
7 gold pieces; a hobgoblin corpse You hit the dart slug.
The dart slug is lightly wounded.
The dart slug misses you.
You hit the dart slug.
The dart slug is heavily wounded.
You hit the dart slug.
You bite the dart slug, but do no damage.
The dart slug is almost dead.
The dart slug closely misses you.
You hit the dart slug.
You kill the dart slug!
You now have 72 gold pieces (gained 7).
You see here a rapier.
h - a rapier Wield which item (- for none, * to show all)? (? for menu, Esc to quit)
h - a +0 rapier (weapon)
Adjust (i)tems, (s)pells, or (a)bilities?
Adjust which item? (? for menu, Esc to quit)
h - a +0 rapier (weapon)
Adjust to which letter? (? for menu, Esc to quit)
a - a +0 rapier (weapon);
h - a +0 short sword
Found a scroll labeled NOUD QUEFOSHRI.
Found a faded altar of an unknown god.
There is a faded altar of an unknown god here.
You cannot tell which god this altar belongs to.
Convert to them anyway?
Okay, then.
You aren't carrying any pieces of jewellery.
You cannot tell which god this altar belongs to.
Convert to them anyway?
Okawaru accepts your prayer! Okawaru welcomes you!
You can now gain great but temporary skills.
Are you sure you want to abandon this character and quit the game? (Confirm with "yes".)

##.........#
###....##.#
##.......##.#.......#
#........
.#...................
......s..
.......†..#.###.%###
###...####
.#...###.....#...####
...# .#####
#......$.?...# ...(
#........♣...# .....
#.......♣.♣..# ..>...
#......♣.@.♣
#..#.#..♣.♣..#
##.......♣......
###.#........###
#.########## ..# ##


There were no monsters in sight!

Vanquished Creatures
  2 dart slugs
  A goblin (D:1)
  2 hobgoblins
  3 jackals (D:2)
  2 kobolds
  A bat (D:1)
  A frilled lizard (D:1)
  A rat (D:1)
13 creatures vanquished.

Notes
Turn   | Place    | Note
-------+----------+-------------------------------------------
     0 | D:1      | tidbits the Gnoll Monk began the quest for the Orb.
     0 | D:1      | Reached XP level 1. HP: 23/23 MP: 1/1
    77 | D:1      | Reached XP level 2. HP: 29/29 MP: 2/2
   145 | D:2      | Noticed Terence
   178 | D:2      | Found a faded altar of an unknown god.
   186 | D:2      | Became a worshipper of Warmaster Okawaru
   186 | D:2      | Reached * piety under Okawaru
   186 | D:2      | Reached ** piety under Okawaru
   187 | D:2      | Quit the game

Vault maps used:
D:1:      eino_arrival_druids_welcome, grunt_decor_resistance
D:2:      chequers_ecumenical_altar_simple_redux, first_ration, uniq_terence

Action                   || total
-------------------------++-------
Melee: Short sword       ||    23
       Bite              ||     3
  Use: Scroll            ||     1
 Stab: Sleeping          ||     4
Dodge: Dodged            ||     9

Table legend:
 A = Spawn XP
 B = Non-spawn XP
 C = Spawn XP percentage of total XP
 D = Spawn monster count
 E = Non-spawn monster count
 F = Spawn count percentage of total count
 G = Total turns spent on level
                    A         B        C        D         E        F      G
               +---------+---------+-------+---------+---------+-------+---------
         Total |       0 |      26 |   0.0 |       0 |      13 |   0.0 |   187
               +---------+---------+-------+---------+---------+-------+---------
           D:1 |       0 |      13 |   0.0 |       0 |       7 |   0.0 |   112
           D:2 |       0 |      13 |   0.0 |       0 |       6 |   0.0 |    75
               +---------+---------+-------+---------+---------+-------+---------

Table legend:
 A = Turns spent in this place as a percentage of turns spent in the entire game.
 B = Non-inter-level travel turns spent in this place as a percentage of non-inter-level travel turns spent in the entire game.
 C = Inter-level travel turns spent in this place as a percentage of turns spent in this place.
 D = Turns resting spent in this place as a percentage of non-inter-level travel turns spent in this place.
 E = Turns spent auto-exploring this place as a percentage of non-inter-level travel turns spent in this place.
 F = Non-inter-level travel turns spent in this place divided by the number of levels of this place that you've seen.
                   A       B       C       D       E      F
               +-------+-------+-------+-------+-------+----------------------
         Total | 100.0 | 100.0 |   0.0 |   0.0 |   0.0 |  93.5
       Dungeon | 100.0 | 100.0 |   0.0 |   0.0 |   0.0 |  93.5
               +-------+-------+-------+-------+-------+----------------------

Table legend:
 A = Kills in this place as a percentage of kills in entire the game.
 B = Kills by you in this place as a percentage of kills by you in the entire game.
 C = Kills by friends in this place as a percentage of kills by friends in the entire game.
 D = Other kills in this place as a percentage of other kills in the entire game.
 E = Experience gained in this place as a percentage of experience gained in the entire game.
 F = Experience gained in this place divided by the number of levels of this place that you have seen.
                   A       B       C       D       E      F
               +-------+-------+-------+-------+-------+----------------------
         Total | 100.0 | 100.0 |   N/A |   N/A | 100.0 |  13.0
       Dungeon | 100.0 | 100.0 |   N/A |   N/A | 100.0 |  13.0
               +-------+-------+-------+-------+-------+----------------------

Vault maps used:
D:1:      eino_arrival_druids_welcome, grunt_decor_resistance
D:2:      chequers_ecumenical_altar_simple_redux, first_ration, uniq_terence
